Map: Babylon LE

Players

qwerty

  • Race: Protoss Protoss
  • League: Diamond
  • Spawn Location: 5:00

Obvi - Winner!

  • Race: Zerg Zerg
  • League: Diamond
  • Spawn Location: 11:00

VOD

Have the link to the VOD?

Description

Time

  • Played on: Aug. 25, 2023, 7:15 p.m.
  • Length: 10:46
Show
View Real Time Build Order
Export as new Build Order

qwerty Protoss 

Build Orders:  

Get SALT Encoding   

  12  0:00  Probe  
  13  0:18  Probe  
  14  0:25  Pylon  
  14  0:30  Probe  
  15  0:43  Probe (Chrono Boost)  
  15  0:44  Gateway  
  16  0:52  Assimilator  
  16  0:55  Probe (Chrono Boost)  
  17  1:00  Probe (Chrono Boost)  
  18  1:12  Probe (Chrono Boost), Assimilator  
  19  1:23  Probe (Chrono Boost)  
  20  1:28  Probe  
  21  1:40  Cybernetics Core  
  21  1:49  Nexus  
  21  1:53  Probe  
  22  1:58  Pylon  
  22  2:10  Probe  
  22  2:12  Gateway  
  22  2:14  Adept (Chrono Boost)  
  23  2:19  Warp Gate  
  25  2:23  Probe  
  26  2:35  Probe  
  27  2:50  Stargate  
  27  2:51  Probe  
  27  2:57  Shield Battery  
  28  3:03  Probe  
  29  3:06  Probe  
  30  3:16  Probe, Assimilator  
  30  3:18  Probe  
  32  3:21  Robotics Facility  
  32  3:28  Probe  
  32  3:30  Probe  
  38  3:37  Void Ray (Chrono Boost)  
  39  3:41  Assimilator  
  39  3:42  Probe (Chrono Boost)  
  39  3:45  Probe (Chrono Boost)  
  39  3:47  Pylon  
  40  3:55  Stargate  
  40  4:00  Probe x2  
  42  4:12  Probe  
  47  4:17  Probe  
  47  4:21  Void Ray  
  47  4:24  Probe (Chrono Boost)  
  49  4:30  Probe (Chrono Boost)  
  50  4:32  Observer  
  50  4:36  Probe (Chrono Boost)  
  52  4:43  Pylon  
  52  4:59  Nexus  
  52  5:02  Pylon  
  52  5:04  Gateway  
  56  5:07  Void Ray  
  56  5:09  Twilight Council, Probe x2  
  58  5:21  Probe  
  59  5:31  Probe  
  59  5:33  Probe  
  65  5:45  Probe x2, Void Ray  
  67  6:02  Probe x2  
  67  6:03  Charge (Chrono Boost)  
  69  6:14  Probe  
  69  6:18  Gateway, Probe  
  71  6:21  Pylon, Shield Battery  
  71  6:22  Pylon  
  71  6:23  Gateway  
  71  6:38  Gateway  
  71  6:40  Gateway  
  70  6:53  Probe x2  
  72  6:55  Assimilator  
  72  6:59  Shield Battery  
  72  7:05  Gateway  
  72  7:11  Gateway, Pylon  
  72  7:13  Gateway  
  72  7:15  Pylon  
  72  7:17  Assimilator  
  80  7:34  Void Ray x2  
  80  7:37  Pylon  
  80  7:40  Pylon, Zealot x6  
  80  7:41  Gateway, Zealot  
  94  8:00  Probe x2  
  94  8:03  Probe  
  94  8:04  Zealot x3  
  94  8:05  Zealot x5  
  113  8:11  Pylon  
  113  8:15  Forge  
  113  8:17  Forge, Zealot x2  
  121  8:23  Void Ray x2 (Chrono Boost)  
  125  8:27  Zealot x3  
  125  8:29  Sentry x2  
  135  8:36  Zealot x2  
  135  8:37  Zealot  
  141  8:48  Stalker x3  
  83  9:07  Robotics Bay  
  81  9:13  Fleet Beacon  
  81  9:17  Stalker x3  
  81  9:18  Stalker x3  
  93  9:28  Photon Cannon  
  93  9:41  Templar Archives  
  93  9:43  Probe x2  
  91  10:05  Observer  
  40  10:31  Nexus, Zealot x7  
  40  10:32  Zealot x2  
Show
View Real Time Build Order
Export as new Build Order

Obvi Zerg - Winner!

Build Orders: Hatch First, Lurkers, Roach Hydra 

Get SALT Encoding   

  12  0:00  Drone  
  13  0:13  Overlord  
  13  0:16  Drone  
  14  0:32  Drone x2  
  16  0:49  Hatchery  
  15  0:52  Drone  
  15  0:55  Drone  
  17  0:58  Drone  
  18  1:09  Extractor  
  17  1:14  Spawning Pool  
  17  1:17  Drone  
  17  1:20  Drone  
  18  1:28  Drone  
  19  1:39  Drone  
  20  1:52  Overlord  
  20  2:01  Queen  
  20  2:02  Queen  
  20  2:03  Drone, Zergling x2  
  26  2:13  Drone x2  
  28  2:23  Drone x2  
  28  2:26  Metabolic Boost  
  30  2:34  Hatchery  
  29  2:37  Drone  
  29  2:39  Drone  
  31  2:45  Drone x2  
  33  2:58  Drone x2  
  35  3:06  Zergling x2  
  35  3:07  Overlord  
  36  3:14  Overlord  
  36  3:16  Overlord  
  36  3:29  Drone x5, Queen  
  36  3:31  Overlord  
  36  3:32  Queen  
  36  3:33  Overlord  
  45  3:49  Drone x3  
  45  3:51  Drone x6  
  54  3:58  Zergling x2  
  55  4:16  Queen x2  
  61  4:20  Drone x5  
  61  4:22  Drone  
  67  4:24  Drone  
  67  4:25  Drone x5  
  67  4:28  Lair  
  71  4:42  Extractor  
  71  4:43  Extractor  
  69  4:48  Drone  
  69  4:49  Drone x2, Roach Warren  
  69  4:50  Drone x2  
  69  4:51  Drone  
  69  4:52  Overlord x3, Extractor x2  
  71  4:58  Evolution Chamber  
  70  5:02  Drone x3, Extractor  
  70  5:03  Drone  
  70  5:05  Overlord x3  
  73  5:15  Hatchery  
  73  5:16  Drone x3  
  75  5:21  Evolution Chamber  
  75  5:23  Drone  
  75  5:24  Drone  
  75  5:27  Zerg Missile Weapons Level 1  
  76  5:29  Glial Reconstitution  
  76  5:34  Drone x3  
  79  5:44  Queen x3  
  79  5:46  Drone x2  
  88  5:51  Zerg Ground Armor Level 1  
  88  5:52  Hydralisk Den  
  87  5:58  Drone  
  88  6:11  Overseer  
  88  6:16  Drone x2  
  88  6:17  Hatchery  
  89  6:19  Hatchery  
  89  6:22  Infestation Pit  
  89  6:24  Drone, Grooved Spines  
  89  6:25  Drone x2  
  90  6:27  Drone, Lurker Den  
  90  6:28  Hydralisk x6  
  90  6:29  Hydralisk x3  
  108  6:46  Extractor  
  107  6:47  Hydralisk x2  
  107  6:50  Extractor  
  107  6:51  Roach x5  
  120  6:59  Drone  
  120  7:01  Overlord x2  
  121  7:05  Hive  
  121  7:09  Overlord x3  
  121  7:23  Zerg Missile Weapons Level 2  
  121  7:28  Drone x3  
  121  7:29  Drone  
  125  7:30  Drone  
  126  7:49  Drone x7  
  133  7:52  Drone  
  134  7:59  Zerg Ground Armor Level 2  
  134  8:02  Muscular Augments  
  136  8:05  Roach  
  136  8:06  Overlord x2, Roach x5  
  136  8:09  Hydralisk  
  136  8:10  Hydralisk x3  
  154  8:28  Roach x3  
  154  8:29  Roach x9  
  178  8:34  Hydralisk  
  178  8:39  Drone  
  169  8:49  Roach x2  
  169  8:54  Hydralisk x5  
  183  9:05  Hatchery  
  183  9:08  Hydralisk  
  184  9:18  Overlord x3, Hatchery  
  184  9:21  Extractor  
  184  9:22  Extractor  
  181  9:24  Lurker x3  
  181  9:26  Overlord  
  181  9:27  Overlord x2  
  184  9:37  Lurker  
  184  9:38  Lurker x9  
  194  9:41  Lurker  
  194  9:43  Hydralisk  
  197  10:03  Hydralisk  
  188  10:19  Hydralisk  
  188  10:20  Hydralisk x5  
Tags
 
Add a new tag
Caveats
  • Supply blocks, unpowered buildings, or Contaminate may cause inaccurate times.
  • Supply counts are checked every 10 seconds.